Map: Odyssey LE

Players

Mowtyx

  • Race: Zerg Zerg
  • Spawn Location: 5:00

Erfeyah - Winner!

  • Race: Protoss Protoss
  • Spawn Location: 11:00

VOD

Have the link to the VOD?

Description

Time

  • Played on: Nov. 21, 2017, 5:29 p.m.
  • Length: 24:23
Show
View Real Time Build Order
Export as new Build Order

Mowtyx Zerg 

Build Orders: Pool First 

Get SALT Encoding   

  12  0:08  Overlord  
  12  0:12  Drone  
  13  0:17  Drone  
  14  0:27  Drone  
  15  0:32  Drone  
  16  0:45  Drone  
  17  0:53  Drone  
  18  1:10  Spawning Pool, Overlord  
  17  1:24  Drone x2  
  19  1:40  Overlord  
  19  1:46  Hatchery  
  18  1:58  Drone  
  18  2:00  Zergling x2  
  20  2:07  Queen  
  22  2:42  Drone x3  
  22  2:43  Queen  
  27  2:59  Drone  
  27  3:03  Drone  
  29  3:10  Zergling x2  
  30  3:17  Extractor  
  29  3:40  Drone x3  
  32  3:46  Drone  
  32  3:47  Overlord x2  
  33  3:49  Zergling x2  
  34  4:01  Drone x4  
  38  4:36  Zergling x8  
  38  4:37  Drone, Overlord  
  43  4:59  Drone x5  
  49  5:00  Drone  
  49  5:09  Drone x3  
  49  5:10  Drone  
  53  5:16  Extractor  
  52  5:21  Queen  
  52  5:24  Queen  
  56  5:30  Drone x2  
  58  5:39  Spawning Pool  
  57  5:44  Drone x2  
  59  5:52  Spore Crawler  
  59  5:56  Spore Crawler  
  57  5:57  Queen  
  57  5:59  Queen  
  61  6:26  Zergling x6  
  61  6:27  Zergling x8  
  63  7:14  Metabolic Boost  
  63  7:53  Spine Crawler  
  63  7:57  Spore Crawler  
  61  8:01  Roach Warren  
  61  8:04  Extractor  
  59  8:08  Extractor  
  58  8:49  Roach x2  
  58  8:50  Roach x2  
  58  8:51  Overlord x2  
  66  9:11  Overlord x2  
  66  9:16  Lair  
  62  9:42  Roach  
  62  9:43  Roach x2  
  59  9:52  Ravager  
  39  10:13  Roach x2  
  28  10:29  Queen  
  22  10:39  Zergling x6  
  23  10:42  Zergling x2  
  23  10:43  Zergling x4  
  24  10:55  Zergling x2  
  7  11:30  Zergling x6  
  9  11:34  Queen  
  11  11:56  Zergling x4  
  13  12:05  Zergling x2  
  14  12:10  Queen  
  16  12:27  Zergling x4  
  18  12:37  Zergling x2  
  19  12:45  Queen  
  19  12:46  Zergling x4  
  19  13:21  Zergling x2, Queen  
  19  13:22  Zergling x10  
  27  13:57  Drone x4  
  27  13:58  Drone  
  32  14:22  Drone  
  32  14:23  Drone x2  
  35  14:33  Hatchery  
  34  15:10  Drone x3  
  34  15:11  Zergling x6  
  40  15:22  Baneling Nest  
  39  15:46  Drone  
  40  16:09  Drone x2  
  42  16:30  Baneling x2  
  42  16:31  Baneling x7  
  42  16:32  Baneling x2  
  42  16:44  Drone x3  
  45  16:57  Burrow  
  45  17:02  Drone  
  45  17:03  Drone x2  
  48  17:18  Lair  
  48  17:20  Drone  
  49  17:52  Drone x2  
  49  17:53  Drone  
  49  17:57  Extractor  
  51  18:01  Zergling x10  
  51  18:02  Zergling x4  
  51  18:03  Zergling x4  
  31  18:46  Zergling x6  
  31  18:47  Zergling x2  
  24  19:06  Zergling x6  
  17  19:24  Zergling x2  
  17  19:30  Zergling x2  
  19  19:49  Zergling x4  
  19  19:50  Zergling x2  
  22  20:00  Lair  
  22  20:08  Zergling x10  
  27  20:18  Baneling x5  
  27  20:19  Baneling x7  
  27  20:20  Baneling x4  
  27  20:25  Zergling x2  
  28  20:29  Baneling x3  
  28  20:30  Baneling x6  
  28  20:31  Baneling  
  28  20:42  Drone x3  
  31  20:43  Drone  
  31  20:44  Baneling x2, Spine Crawler  
  31  20:45  Baneling x24  
  31  20:50  Spine Crawler  
  14  21:08  Zergling x2  
  14  21:09  Zergling x8  
  11  21:50  Zergling x6  
  11  21:51  Zergling x4  
  16  22:06  Zergling x8  
  20  22:10  Hatchery  
  19  22:33  Zergling x4  
  14  22:58  Zergling x4  
  16  23:02  Queen  
  18  23:09  Baneling x2  
  18  23:10  Baneling x7  
  18  23:11  Baneling x6  
  18  23:14  Zergling x2  
  18  23:15  Zergling x2  
  18  23:19  Baneling x2  
  20  23:20  Baneling x2  
Show
View Real Time Build Order
Export as new Build Order

Erfeyah Protoss - Winner!

Build Orders:  

Get SALT Encoding   

  12  0:05  Probe (Chrono Boost)  
  14  0:17  Probe (Chrono Boost)  
  14  0:22  Pylon  
  14  0:41  Assimilator  
  14  0:56  Gateway  
  14  1:07  Probe (Chrono Boost)  
  15  1:18  Probe (Chrono Boost)  
  16  1:22  Probe  
  17  1:27  Assimilator  
  17  1:44  Pylon  
  17  1:48  Pylon  
  17  1:52  Pylon  
  17  1:56  Cybernetics Core  
  17  2:08  Gateway  
  17  2:10  Gateway  
  17  2:26  Zealot  
  19  2:50  Pylon  
  19  2:53  Pylon, Zealot  
  21  3:20  Zealot, Stalker x2  
  27  3:47  Stalker  
  29  3:49  Warp Gate (Chrono Boost)  
  29  5:12  Gateway  
  29  5:15  Gateway  
  29  5:17  Probe, Gateway  
  29  5:19  Gateway  
  30  5:29  Probe  
  31  5:37  Nexus  
  31  6:04  Probe (Chrono Boost)  
  33  6:15  Probe (Chrono Boost)  
  33  6:34  Stalker  
  33  6:38  Stalker  
  37  6:40  Stalker  
  39  8:01  Protoss Air Weapons Level 1  
  39  8:16  Adept  
  41  8:20  Adept  
  41  8:21  Adept  
  45  8:30  Stalker  
  45  8:32  Stalker  
  49  8:41  Stalker  
  49  8:42  Stalker  
  49  8:48  Stalker  
  55  9:15  Stalker  
  55  9:16  Stalker  
  39  10:53  Stalker x2  
  41  12:37  Stalker x2  
  41  12:40  Stalker  
  47  12:45  Stalker x2  
  33  13:18  Stalker x2  
  33  13:19  Stalker  
  39  13:23  Stalker  
  39  13:26  Zealot  
  43  14:09  Nexus  
  40  14:58  Zealot  
  40  14:59  Zealot  
  44  15:01  Zealot  
  44  15:03  Zealot  
  48  15:18  Pylon  
  48  15:21  Pylon  
  48  15:24  Pylon  
  48  15:27  Pylon  
  48  15:28  Pylon  
  48  15:59  Stalker  
  48  16:01  Stalker  
  52  16:06  Stalker  
  52  16:09  Stalker x2  
  58  16:30  Stalker  
  60  16:38  Pylon  
  60  16:42  Pylon  
  60  16:43  Pylon  
  60  16:45  Pylon  
  60  16:47  Pylon  
  60  17:01  Gateway  
  60  17:04  Gateway  
  60  17:05  Gateway  
  60  17:09  Gateway  
  60  17:11  Adept  
  60  17:12  Adept  
  60  17:15  Adept  
  66  17:22  Stalker  
  68  17:23  Stalker  
  52  18:42  Pylon  
  52  19:03  Stalker  
  52  19:07  Stalker  
  56  19:26  Stalker  
  56  19:27  Stalker  
  56  19:28  Stalker x2  
  56  19:31  Stalker  
  20  21:54  Zealot  
  20  21:55  Zealot  
  20  21:56  Zealot x2  
  20  21:57  Zealot  
  30  22:29  Stalker x2  
  32  22:30  Stalker  
  32  22:35  Stalker x2  
  36  22:46  Stalker  
  36  22:50  Stalker x3  
  38  23:16  Stalker  
  40  23:20  Stalker x3  
  46  23:46  Stalker  
  48  23:50  Stalker x3  
Tags
 
Matchup
PvZ
Opening
Pool First
Spawn Locations
Cross Positions
Add a new tag
Caveats
  • Supply blocks, unpowered buildings, or Contaminate may cause inaccurate times.
  • Supply counts are checked every 10 seconds.